 Dungeon Crawl Stone Soup version 0.30.1-4-g462c640d31 (webtiles) character file.

Game seed: 17911603377778648256

2580162 LordWeiramon the Axe Maniac (level 27, 273/273 HPs)
             Began as a Hill Orc Berserker on Sept 12, 2023.
             Was the Champion of Trog.
             Escaped with the Orb
             ... and 4 runes!
             The game lasted 04:01:37 (59582 turns).

LordWeiramon the Axe Maniac (Hill Orc Berserker)   Turns: 59582, Time: 04:01:37

Health: 273/273    AC: 64    Str: 35    XL:     27
Magic:  23/23      EV: 20    Int: 13    God:    Trog [******]
Gold:   4279       SH:  0    Dex: 16    Spells: 26/26 levels left

rFire   + + .        a - +8 frozen axe "Frostbite" {freeze, freezing cloud, *Noise Fly rC+}
rCold   + + +        (shield currently unavailable)
rNeg    + . .        G - +8 orange crystal plate armour {Archmagi, Int+3 Clar}
rPois   +            R - +2 helmet {SInv}
rElec   +            F - +2 cloak {rCorr}
rCorr   +            J - +2 pair of gloves {Stlth+}
SInv    +            Y - +2 pair of boots of Time Monsters {Str+4 Dex+2}
Will    ++...        U - amulet of Favvoteet {-Cast rElec rC++ Regen+ Str+3} Stlth
                     g - ring "Xuneaj" {rF++ AC+4}
HPRegen 1.45/turn    K - ring "Goreneon" {rPois rN+ AC+4 Int+3}
MPRegen 0.18/turn

%: no spellcasting, clarity, archmagi
@: flying, studying Shields
A: deterioration 1, mutation resistance 1, weak 1
0: Orb of Zot
}: 4/15 runes: serpentine, barnacled, silver, abyssal
a: Renounce Religion, Berserk, Trog's Hand, Brothers in Arms


You escaped.
You worshipped Trog.
Trog was exalted by your worship.
You visited 9 branches of the dungeon, and saw 47 of its levels.
You visited the Abyss 3 times.
You visited 1 bazaar.
You also visited: Trove, Sewer and Wizlab.

You collected 10761 gold pieces.
You spent 6482 gold pieces at shops.

Inventory:

Hand Weapons
 a - the +8 frozen axe "Frostbite" (weapon) {freeze, freezing cloud, *Noise Fly rC+}
   (Trog gifted it to you on level 2 of the Elven Halls)

   rC:        It protects you from cold.
   Fly:       It grants you flight.
   *Noise:    It may make noises in combat.
 b - a +3 battleaxe of flaming
 c - a +9 heavy executioner's axe
Missiles
 s - 11 throwing nets (quivered)
Armour
 l - the +2 cloak "Pulet" {rElec rF+ Slay-5 Stlth+}
   (You acquired it on level 15 of the Dungeon)

   Slay:      It affects your accuracy & damage with ranged weapons and melee
   (-5).
   rF:        It protects you from fire.
   rElec:     It insulates you from electricity.
   Stlth:     It makes you more stealthy.
 y - a +2 hat of willpower
 F - a +2 cloak of preservation (worn)
 G - the +8 orange crystal plate armour (worn) {Archmagi, Int+3 Clar}
   (You found it in a treasure trove)

   Int:       It affects your intelligence (+3).
   Clar:      It protects you from confusion, rage, mesmerisation and fear.
 J - a +2 pair of gloves of stealth (worn)
 R - a +2 helmet of see invisible (worn)
 Y - the +2 pair of boots of Time Monsters (worn) {Str+4 Dex+2}
   (You bought it in a shop on level 7 of the Dungeon)

   Str:       It affects your strength (+4).
   Dex:       It affects your dexterity (+2).
Jewellery
 d - the ring "Huewieq" {rPois AC+4 Int+6}
   (You acquired it on level 15 of the Dungeon)

   [ring of protection]

   AC:        It affects your AC (+4).
   Int:       It affects your intelligence (+6).
   rPois:     It protects you from poison.
 g - the ring "Xuneaj" (left hand) {rF++ AC+4}
   (You took it off a yaktaur captain on level 5 of the Vaults)

   [ring of protection]

   AC:        It affects your AC (+4).
   rF:        It greatly protects you from fire.
 h - a ring of resist corrosion
 K - the ring "Goreneon" (right hand) {rPois rN+ AC+4 Int+3}
   (You acquired it on level 4 of the Dungeon)

   [ring of protection]

   AC:        It affects your AC (+4).
   Int:       It affects your intelligence (+3).
   rPois:     It protects you from poison.
   rN:        It protects you from negative energy.
 O - a +5 ring of evasion
 U - the amulet of Favvoteet (around neck) {-Cast rElec rC++ Regen+ Str+3}
   (You took it off a deep elf high priest on level 5 of the Vaults)

   [amulet of regeneration]

   Str:       It affects your strength (+3).
   rC:        It greatly protects you from cold.
   rElec:     It insulates you from electricity.
   -Cast:     It prevents spellcasting.
   Regen:     It increases your rate of health regeneration.
 V - the ring of Lady Luck {rF+ Int+6}
   (You found it on level 1 of the Shoals)

   [ring of intelligence]

   Int:       It affects your intelligence (+6).
   rF:        It protects you from fire.
Wands
 e - a wand of light (53)
 m - a wand of paralysis (51)
 t - a wand of flame (84)
 A - a wand of roots (46)
 E - a wand of polymorph (26)
 N - a wand of digging (18)
 T - a wand of mindburst (32)
Scrolls
 f - 8 scrolls of enchant weapon
 k - 2 scrolls of butterflies
 n - 5 scrolls of enchant armour
 q - 12 scrolls of fear
 r - 23 scrolls of teleportation
 I - 10 scrolls of silence
 L - 3 scrolls of magic mapping
 M - 5 scrolls of blinking
 P - 4 scrolls of brand weapon
 Q - 10 scrolls of fog
Potions
 i - 12 potions of attraction
 j - 5 potions of cancellation
 p - 23 potions of curing
 u - 16 potions of heal wounds
 v - 8 potions of ambrosia
 w - 9 potions of flight
 z - 14 potions of mutation
 B - 6 potions of magic
 C - 8 potions of resistance
 D - 10 potions of might
 H - 6 potions of invisibility
 X - 6 potions of haste
Miscellaneous
 o - a phial of floods
 x - a lightning rod (4/4)
 S - a condenser vane
 W - a box of beasts
 Z - a phantom mirror


   Skills:
 O Level 27 Fighting
 - Level 3.0 Short Blades
 O Level 27 Axes
 O Level 27 Armour
 + Level 25.8 Dodging


You had 26 spell levels left.
You didn't know any spells.
Your spell library was empty.

Dungeon Overview and Level Annotations

Branches:
Dungeon (15/15)            Temple (0/1) D:5            Lair (5/5) D:11
 Shoals (4/4) Lair:3        Snake (4/4) Lair:2        Slime (0/5) Lair:4
    Orc (2/2) D:9             Elf (3/3) Orc:2        Vaults (5/5) D:13
  Crypt (0/3) Vaults:2     Depths (4/4) D:15            Zot (5/5) Depths:4
  Sewer (visited)          WizLab (visited)

Altars:
Elyvilon
Fedhas
Gozag
Hepliaklqana
Kikubaaqudgha
Makhleb
Nemelex Xobeh
Ru
Trog
Uskayaw
Vehumet
Yredelemnul
Beogh
Jiyva
Lugonu

Shops:
D:4 [=[?   D:7 [   D:10 ::?   Orc:2 (?[(   Elf:3 [   Snake:2 [   Snake:4 ??
Vaults:2 [   Vaults:4 !   Depths:1 :=:(   Depths:3 [

Portals:
Hell: Depths:1 Depths:2 Depths:3 Depths:4
Abyss: Depths:3 Depths:4
Pandemonium: Depths:2 Depths:3 Depths:4
Ziggurat: Depths:4


Innate Abilities, Weirdness & Mutations

Your body sometimes deteriorates upon taking damage.
You are somewhat resistant to further mutation.
You are weak. (Str -2)


Message History

The rock shatters into small pieces.
Unknown command.
You carve the plant like a ham!!!!
The plant begins to die.
You freeze the plant.
The plant is moderately damaged.
You hit the plant.
The plant begins to die.
You freeze the plant. You carve the plant like a ham!!!
The plant begins to die.
You freeze the plant.
The plant is engulfed in freezing vapours.
You chop the plant into pieces!!! You freeze the plant!
The plant is severely damaged.
You carve the plant like a ham!!! You freeze the plant! You slash the plant!
You freeze the plant.
The plant is engulfed in freezing vapours.
Unknown command.
You slash the plant! You freeze the plant.
The plant is severely damaged.
You completely miss the plant. You slice the plant!! You freeze the plant.
The plant is engulfed in freezing vapours.
Unknown command.
You hit the plant. You freeze the plant.
The plant is severely damaged.
You completely miss the plant. You hit the plant. You freeze the plant.
The plant is engulfed in freezing vapours.
You completely miss the plant.
The plant is severely damaged.
You open the plant like a pillowcase!!! You freeze the plant!!
You slice the plant!! You freeze the plant.
The plant is engulfed in freezing vapours.
You slice the plant!! You freeze the plant!
You hear the howling winds of a snowstorm.
The plant is almost destroyed.
You slice the plant!! You freeze the plant. You completely miss the plant.
The plant is engulfed in freezing vapours.
You destroy the plant!
A nearby plant withers and dies. x2
Blink to where?
Press: ? - help, Dir - move target
As you read the scroll of blinking, it crumbles to dust.
You have escaped!
PP.PPPPPPP.P..PPPPPP.PP#.#.##.### P.PPPPPPPPP.PPPPPPPPP.°#...#.....
P.PPPPPPPPP.PPPPPPPPP...#..#..### P.PPPPPPP..:..PPPPPPPP.##..#..### P.PPPPPP.PP.PP.PPPPPP..##.......# P.PPPPP.PPP.PPP.PPPPP.P##.......# PP.PPP.PPP.P.PPP.PPP.PP##........
PPP.PP.PP.PPP.PP.PP.PPP..........
PPPP.....PPPPP..@..PPPP#.........
PPP.PP.PP.PPP.PP.PP.PPP#........♣ PP.PPP.PPP.P.PPP.PPP.PP#.......♣♣ P.PPPPP.PPP.PPP.PPPPP.P#......P..
P.PPPPPP.PP.PP.PPPPPP(P#.........
P.PPPPPPP.....PPPPPPP..#.######## P.PPPPPPPPP.PPPPPPPPP..#.######## P.PPPPPPPPP.PPPPPPPPP............
PP.PPPPPPP.P.PPPPPPP.PP#.########

There were no monsters in sight!

Vanquished Creatures
  2 dread liches
  3 orbs of fire
  7 ancient liches
  The ghost of Uneer the Black Belt, a legendary GnFE of Okawaru (Zot:4)
  Mara (Vaults:3)
  3 juggernauts
  Saint Roka (Depths:4)
  2 caustic shrikes
  3 curse toes
  4 Killer Klowns (Zot:5)
  A pandemonium lord (Zot:5)
  5 golden dragons
  2 bone dragons
  A profane servitor (Zot:3)
  4 electric golems
  A walking crystal tome (Depths:3)
  Asterion (Vaults:3)
  11 tentacled monstrosities
  A moon troll (WizLab)
  5 titans
  2 liches
  A walking frostbound tome (Depths:4)
  27 Orb Guardians
  2 deep elf master archers (Elf:3)
  The ghost of Giugae the Severer, an adept FoCK of Xom (Elf:2)
  A walking divine tome (Depths:3)
  6 quicksilver dragons
  3 death cobs
  2 deep elf blademasters (Elf:3)
  7 sphinxes
  A kraken (Shoals:4)
  7 tengu reavers
  13 tentacled starspawn
  12 storm dragons
  9 shadow dragons
  Kirke (D:13)
  4 draconian monks
  A demonspawn warmonger (Zot:3)
  The ghost of Yamstis the Nimble, an adept GnMo of Makhleb (D:15)
  Ilsuiw (Shoals:4)
  An azure jelly (shapeshifter) (Depths:1)
  A daeva (Abyss:3)
  7 fire giants
  5 nagarajas (Snake:4)
  10 deep elf sorcerers
  5 draconian knights
  12 frost giants
  15 vault wardens
  3 ghost moths
  8 draconian scorchers
  6 draconian annihilators
  Aizul (Vaults:3)
  A balrug (Depths:1)
  The ghost of Vitatacw the Eclecticist, a journeyman DEFE of Vehumet (Shoals:2)
  8 deep elf elementalists
  5 draconian shifters
  5 orc warlords
  9 draconian stormcallers
  23 ironbound preservers
  A demonspawn corrupter (Zot:3)
  2 cacodemons
  A juggernaut skeleton (Depths:3)
  27 very ugly things
  3 war gargoyles
  7 ironbound thunderhulks
  2 spriggan defenders (Depths:2)
  27 stone giants
  The ghost of laqueoix the Severer, a journeyman MiFi of Makhleb (Lair:4)
  14 black draconians
  6 deep elf demonologists
  7 green draconians
  9 red draconians
  3 vampire knights
  Nessos (Lair:3)
  Azrael (D:12)
  8 purple draconians
  A lorocyproca (Abyss:3)
  7 deep elf annihilators
  12 yellow draconians
  A bunyip (Abyss:3)
  7 dire elephants
  A bunyip (shapeshifter) (D:13)
  4 spark wasps
  4 deep elf death magi
  15 ettins
  10 white draconians
  2 merfolk javelineers (Shoals:4)
  3 crystal guardians
  11 merfolk impalers
  Snorg (Lair:3)
  3 deep elf high priests
  20 yaktaur captains
  8 fire dragons
  A spriggan zombie (Abyss:3)
  9 ice dragons
  Erolcha (D:10)
  32 vault guards
  4 rakshasas
  A hell beast (Depths:3)
  7 great orbs of eyes
  3 salamander tyrants
  4 spriggan air magi
  3 hydras
  3 merfolk avatars
  5 ogre magi
  A peacekeeper (Vaults:2)
  2 death knights (D:15)
  6 deep troll shamans
  12 anacondas
  A catoblepas (D:13)
  12 ironbound frosthearts
  14 two-headed ogres
  8 boulder beetles
  10 centaur warriors
  13 tengu warriors
  7 death yaks
  32 dancing weapons
  2 satyrs
  5 merfolk aquamancers
  14 naga warriors
  3 hell hogs (Abyss:3)
  3 deep troll earth magi
  2 spriggan berserkers
  An alligator snapping turtle (Shoals:4)
  A death yak (shapeshifter) (Vaults:5)
  Urug (D:12)
  3 thrashing horrors (Abyss:3)
  An orc high priest (Orc:2)
  2 vampire magi
  18 naga sharpshooters
  10 shock serpents
  A sun demon (Depths:3)
  15 deep elf knights
  Amaemon (Lair:1)
  Nergalle (D:12)
  2 wretched stars (Abyss:3)
  22 hell knights
  3 soul eaters
  2 shadow wraiths
  2 skysharks
  A skeletal warrior (D:13)
  5 sixfirhies
  3 iron trolls
  A death drake (shapeshifter) (Vaults:5)
  53 deep trolls
  4 salamander mystics
  13 sea snakes
  A shadow demon (Abyss:3)
  3 flayed ghosts
  11 glowing orange brains
  4 orange crystal statues
  A swamp dragon (Lair:5)
  8 lindwurms
  A tengu zombie (Depths:3)
  6 naga ritualists
  5 wizards
  14 deep elf archers
  3 phantasmal warriors
  Pikel (D:9)
  7 necromancers
  22 ironbound convokers
  19 harpies
  14 mana vipers
  A wolf spider (shapeshifter) (Vaults:5)
  11 large abominations (Abyss:3)
  11 orc knights
  An iron dragon zombie (Depths:3)
  22 deep elf zephyrmancers
  4 orc sorcerers
  19 moths of wrath
  A faun (shapeshifter) (Vaults:4)
  A frost giant zombie (Depths:3)
  11 fauns
  37 deep elf pyromancers
  51 ugly things
  21 salamanders
  7 cyclopes
  10 manticores
  A worldbinder (Abyss:3)
  An apocalypse crab (Abyss:3)
  18 elephants
  28 black mambas
  8 merfolk sirens
  An ice statue (Abyss:3)
  2 orange demons
  7 water nymphs
  An eye of devastation (shapeshifter) (Depths:2)
  16 naga magi
  24 vault sentinels
  A gargoyle (D:10)
  7 guardian serpents
  7 cane toads
  5 smoke demons
  5 eyes of devastation (WizLab)
  7 rime drakes
  2 unseen horrors
  An unseen horror (shapeshifter) (Elf:1)
  A komodo dragon (shapeshifter) (D:13)
  A spark wasp simulacrum (Depths:3)
  19 komodo dragons
  3 hellions
  9 freezing wraiths
  A yaktaur (shapeshifter) (D:15)
  31 yaktaurs
  2 ancient zymes (Abyss:3)
  4 tengu conjurers
  3 meliai (D:15)
  A queen bee (D:15)
  3 hellwings
  3 ice devils
  11 trolls
  11 polar bears
  6 hornets
  A merfolk (shapeshifter) (D:14)
  Prince Ribbit (D:9)
  35 merfolk
  3 raiju
  16 blink frogs
  Grinder (D:6)
  A dream sheep (shapeshifter) (Vaults:5)
  6 wind drakes
  17 dream sheep
  14 snapping turtles
  A centaur simulacrum (D:14)
  43 slime creatures
  4 air elementals
  A culicivora (shapeshifter) (Vaults:5)
  2 vampires
  2 spriggans (Depths:2)
  7 wyverns
  15 water elementals
  15 yaks
  4 shadows
  4 ynoxinuls
  4 wraiths
  5 fire elementals
  6 basilisks
  8 neqoxecs
  24 starcursed masses
  4 hogs (D:13)
  3 chaos spawn
  8 redbacks (Depths:4)
  11 wargs
  5 vampire mosquitoes
  4 fire bats
  A steam dragon (Lair:2)
  3 acid dragons
  42 nagas
  14 water moccasins
  2 glowing shapeshifter skeletons (Depths:3)
  15 hell hounds
  2 floating eyes
  2 swamp drakes (Lair:5)
  37 orc warriors
  An ice beast (shapeshifter) (Vaults:5)
  A sky beast (D:8)
  8 ogres
  13 black bears
  A boggart (Vaults:1)
  4 small abominations (Abyss:3)
  14 wolves
  2 phantoms
  10 centaurs
  4 lemures (D:9)
  2 kobold brigands
  A gnoll sergeant (D:7)
  10 bullfrogs
  6 necrophages (Lair:3)
  3 earth elementals
  5 scorpions
  2 troll zombies (D:9)
  7 wights
  22 killer bees
  2 howler monkeys
  4 electric eels
  4 hounds
  5 jellies
  A quasit (Abyss:3)
  20 orc priests
  An iron imp (Abyss:3)
  Jessica (D:2)
  2 sleepcaps
  7 iguanas
  26 orc wizards
  5 lightning spires (Zot:3)
  6 ogre zombies (D:9)
  7 adders
  12 gnolls
  A river rat (D:4)
  A shadow imp (D:3)
  A white imp (D:7)
  6 ufetubi
  A worm (D:4)
  3 dart slugs
  81 orcs
  6 bats
  6 endoplasms
  11 giant cockroaches
  7 goblins
  7 hobgoblins
  2 jackals (D:2)
  14 kobolds
  7 quokkas
  3 training dummies (Depths:1)
  5 ball pythons
  6 frilled lizards
  A goblin skeleton (D:9)
  2 hobgoblin skeletons (D:9)
  3 hobgoblin zombies (D:9)
  5 orc skeletons (D:9)
  13 orc zombies (D:9)
  8 rats
  2 ball lightnings (Zot:3)
  3 spectral weapons (Vaults:3)
  17 starspawn tentacles
  4 tentacles (Shoals:4)
2320 creatures vanquished.

Vanquished Creatures (collateral kills)
  Vashnia (Snake:2)
  An electric golem (Zot:5)
  A very ugly thing (Abyss:3)
  3 dancing weapons (Elf:2)
  2 naga sharpshooters (Snake:2)
  A deep elf knight (Elf:2)
  A slime creature (Vaults:1)
  An ironbound convoker (Vaults:1)
  A deep elf zephyrmancer (Elf:2)
  A deep elf pyromancer (Elf:2)
  A moth of wrath (Zot:5)
  Maggie (D:6)
  2 neqoxecs (Abyss:3)
17 creatures vanquished.

Vanquished Creatures (others)
  A fire giant (Depths:1)
  A draconian knight (Zot:2)
  A ghost moth (Zot:3)
  A draconian shifter (Zot:3)
  A black draconian (Zot:3)
  A spriggan air mage (Depths:1)
  An ironbound frostheart (Vaults:3)
  A deep elf archer (Elf:2)
  2 deep elf zephyrmancers
  A faun (Shoals:1)
  A black mamba (Snake:3)
  2 yaktaurs (Vaults:3)
  3 ball lightnings (Zot:3)
  19 starspawn tentacles
  3 tentacles (Shoals:4)
39 creatures vanquished.

Grand Total: 2376 creatures vanquished

Notes
Turn   | Place    | Note
-------+----------+-------------------------------------------
     0 | D:1      | LordWeiramon the Hill Orc Berserker began the quest for the
                  | Orb.
     0 | D:1      | Reached XP level 1. HP: 19/19 MP: 1/1
   179 | D:1      | Reached XP level 2. HP: 27/27 MP: 2/2
   558 | D:1      | Reached XP level 3. HP: 35/35 MP: 3/3
   573 | D:1      | Reached skill level 5 in Fighting
   691 | D:1      | Found a faded altar of an unknown god.
   816 | D:1      | Reached ** piety under Trog
   963 | D:2      | Found Utaask's Distillery.
   963 | D:2      | Noticed Jessica
   975 | D:2      | Killed Jessica
   976 | D:2      | Reached XP level 4. HP: 42/44 MP: 4/4
   999 | D:2      | Bought a potion of lignification for 36 gold pieces
  1169 | D:2      | Noticed a phantom
  1187 | D:2      | Killed a phantom
  1188 | D:2      | Reached XP level 5. HP: 52/52 MP: 5/5
  1461 | D:2      | Reached skill level 1 in Axes
  1928 | D:2      | Bought a potion of curing for 36 gold pieces
  2233 | D:3      | Found a burning altar of Makhleb.
  2236 | D:3      | Found an ancient bone altar of Kikubaaqudgha.
  2554 | D:2      | Bought a potion of heal wounds for 60 gold pieces
  2908 | D:4      | Found the +5 Force Lance {heavy, knockback}
  2943 | D:4      | Reached XP level 6. HP: 48/60 MP: 6/6
  2996 | D:4      | Found Senoec's Antique Armour Shoppe.
  3102 | D:4      | Found a glowing drain.
  3126 | Sewer    | Entered a sewer
  3168 | Sewer    | Reached *** piety under Trog
  3278 | Sewer    | Found a viscous altar of Jiyva.
  3431 | D:4      | Found Haask's Magic Scroll Shop.
  3450 | D:4      | Bought a scroll of noise for 14 gold pieces
  3472 | D:4      | Found Ocudwyuwn's Jewellery Emporium.
  3488 | D:4      | Found Ocifo's Antique Armour Shop.
  3500 | D:4      | Found a radiant altar of Vehumet.
  3500 | D:4      | Found a basalt altar of Yredelemnul.
  3637 | D:4      | Reached skill level 5 in Axes
  3733 | D:4      | Reached XP level 7. HP: 59/66 MP: 7/7
  3910 | D:4      | Reached **** piety under Trog
  4014 | D:5      | Entered Level 5 of the Dungeon
  4372 | D:5      | Found a staircase to the Ecumenical Temple.
  4416 | D:4      | Bought a pair of glowing boots for 127 gold pieces
  4529 | D:5      | Found a sparkling altar of Nemelex Xobeh.
  4631 | D:6      | Noticed Grinder
  4638 | D:6      | Killed Grinder
  4639 | D:6      | Reached XP level 8. HP: 73/73 MP: 8/8
  4838 | D:6      | Reached skill level 10 in Axes
  4965 | D:6      | Noticed Maggie
  4972 | D:6      | Killed Maggie
  5332 | D:6      | Found a blossoming altar of Fedhas.
  5557 | D:4      | Bought a scroll of silence for 133 gold pieces
  5657 | D:7      | Reached XP level 9. HP: 79/79 MP: 9/9
  5843 | D:7      | Noticed a hornet
  5854 | D:7      | Paralysed by a hornet for 2 turns
  5860 | D:7      | Killed a hornet
  6052 | D:7      | Found Zakkuz Viodo's Antique Armour Emporium.
  6378 | D:8      | Found an opulent altar of Gozag.
  6494 | D:8      | Reached skill level 5 in Armour
  6948 | D:8      | Reached skill level 15 in Axes
  7101 | D:9      | Reached XP level 10. HP: 76/86 MP: 10/10
  7108 | D:9      | Reached ***** piety under Trog
  7222 | D:9      | Found a staircase to the Orcish Mines.
  7581 | D:9      | Noticed Pikel
  7592 | D:9      | Killed Pikel
  7603 | D:9      | Noticed Prince Ribbit
  7611 | D:9      | Received a gift from Trog
  7618 | D:9      | Killed Prince Ribbit
  7783 | D:9      | Found a sacrificial altar of Ru.
  8027 | D:10     | Entered Level 10 of the Dungeon
  8111 | D:10     | Found a hazy altar of Hepliaklqana.
  8184 | D:10     | Killed an unseen horror
  8345 | D:10     | Found a white marble altar of Elyvilon.
  8454 | D:10     | Found Arulu's Book Emporium.
  8454 | D:10     | Noticed a gargoyle
  8458 | D:10     | Killed a gargoyle
  8503 | D:10     | Noticed Erolcha
  8505 | D:10     | Found Pep Aro's Magic Scroll Boutique.
  8510 | D:10     | Killed Erolcha
  8511 | D:10     | Reached XP level 11. HP: 92/92 MP: 11/11
  8517 | D:10     | Bought a scroll of fog for 60 gold pieces
  8517 | D:10     | Bought a scroll of teleportation for 45 gold pieces
  8517 | D:10     | Bought a scroll of magic mapping for 112 gold pieces
  8547 | D:10     | Found Cuto's Book Shoppe.
  8560 | D:10     | Reached skill level 10 in Armour
  8777 | D:10     | Found a hide-covered altar of Uskayaw.
  8903 | D:10     | Found the sphere of Battle
  8913 | D:10     | Noticed a two-headed ogre
  8926 | D:10     | Killed a two-headed ogre
  9118 | D:11     | Noticed a two-headed ogre
  9270 | D:10     | Reached skill level 10 in Fighting
  9351 | D:11     | Killed a two-headed ogre
  9465 | D:11     | Found a staircase to the Lair.
  9592 | D:11     | Paralysed by a hornet for 1 turns
  9653 | D:11     | Noticed a two-headed ogre
  9654 | D:11     | Found a portal to a secret trove of treasure.
  9660 | D:11     | Killed a two-headed ogre
  9661 | D:11     | Reached skill level 5 in Dodging
  9676 | Trove    | Entered a treasure trove
  9681 | Trove    | Found the +8 orange crystal plate armour {Archmagi, Int+3
                  | Clar}
  9698 | Trove    | Identified the amulet "Suicav" {Faith rElec rC- Regen+
                  | Int+3}
 10033 | Lair:1   | Entered Level 1 of the Lair of Beasts
 10085 | Lair:1   | Noticed Amaemon
 10122 | Lair:1   | Killed Amaemon
 10300 | Lair:1   | Reached XP level 12. HP: 106/106 MP: 12/12
 11356 | Lair:2   | Reached * piety under Trog
 11498 | Lair:2   | Reached XP level 13. HP: 125/125 MP: 13/13
 11632 | Lair:2   | Found a staircase to the Snake Pit.
 11641 | Lair:2   | Reached skill level 15 in Fighting
 12080 | Lair:2   | Found a sparkling altar of Nemelex Xobeh.
 12424 | D:2      | Bought a potion of mutation for 96 gold pieces
 12424 | D:2      | Bought a potion of curing for 36 gold pieces
 12424 | D:2      | Bought a potion of invisibility for 96 gold pieces
 12424 | D:2      | Bought a potion of heal wounds for 60 gold pieces
 12424 | D:2      | Bought a potion of heal wounds for 60 gold pieces
 12582 | D:7      | Bought a pair of fading boots for 323 gold pieces
 12582 | D:7      | Identified the +2 pair of boots of Time Monsters {Str+4
                  | Dex+2} (You bought it in a shop on level 7 of the Dungeon)
 12660 | D:4      | Bought a scroll of blinking for 105 gold pieces
 12660 | D:4      | Bought a scroll of silence for 133 gold pieces
 12969 | Lair:3   | Noticed Snorg
 12980 | Lair:3   | Killed Snorg
 13034 | Lair:3   | Noticed Nessos
 13046 | Lair:3   | Killed Nessos
 13150 | Lair:3   | Found a staircase to the Shoals.
 13519 | Lair:4   | Found a viscous altar of Jiyva.
 13528 | Lair:4   | Found a staircase to the Slime Pits.
 13973 | Lair:4   | Found a runed translucent door.
 13976 | Lair:4   | Noticed laqueoix's ghost (journeyman MiFi)
 14428 | Lair:4   | Identified the +1 battleaxe "Gurac" {flame, Int+3 Stlth+}
 14522 | Lair:5   | Entered Level 5 of the Lair of Beasts
 14560 | Lair:5   | Found a hide-covered altar of Uskayaw.
 14711 | Lair:5   | Reached XP level 14. HP: 135/135 MP: 14/14
 14779 | Lair:5   | Identified the +7 longbow of Sloth {flame, *Corrode rN+
                  | Dex+2}
 15919 | Lair:5   | Reached skill level 15 in Armour
 16279 | Lair:4   | Killed laqueoix's ghost
 16570 | D:12     | Noticed Azrael
 16601 | D:12     | Killed Azrael
 16855 | D:12     | Noticed Urug
 16863 | D:12     | Killed Urug
 17105 | D:12     | Noticed Nergalle
 17118 | D:12     | Killed Nergalle
 17275 | D:12     | Received a gift from Trog
 17445 | D:13     | Reached XP level 15. HP: 139/141 MP: 15/15
 17496 | D:13     | Noticed Kirke
 17515 | D:13     | Killed Kirke
 18184 | D:13     | Found a gate to the Vaults.
 18318 | D:14     | Found a flickering gateway to a bazaar.
 18343 | Bazaar   | Entered a bazaar
 18356 | Bazaar   | Found Eschai Rorie's Antique Weapon Emporium.
 18368 | Bazaar   | Found Kalawoes's Antique Weapon Shoppe.
 18383 | Bazaar   | Found Agyllede's Antique Armour Shoppe.
 18395 | Bazaar   | Found Umpeakuj's Antique Armour Emporium.
 18418 | Bazaar   | Bought a translucent plate armour for 532 gold pieces
 18418 | Bazaar   | Identified the +2 plate armour of the Armadillo {+Inv Str+5
                  | Dex+4 Stlth+} (You bought it in a shop in a bazaar)
 18418 | Bazaar   | Bought a transparent plate armour for 532 gold pieces
 18418 | Bazaar   | Identified the +0 plate armour of the Guardian {-Tele rCorr
                  | Dex+6} (You bought it in a shop in a bazaar)
 18508 | D:14     | Identified the +2 mace of Moomot {vamp, MP+9 Int+2}
 19419 | D:15     | Entered Level 15 of the Dungeon
 19456 | D:15     | Identified the +3 robe "Paig Gou" {rN+ Int+3}
 19710 | D:15     | Reached XP level 16. HP: 151/155 MP: 16/16
 19915 | D:15     | Identified 4 scrolls of acquirement
 19916 | D:15     | Acquired 642 gold pieces
 19918 | D:15     | Acquired the ring "Huewieq" {rPois AC+4 Int+6}
 20175 | D:15     | Acquired the +2 cloak "Pulet" {rElec rF+ Slay-5 Stlth+}
 20360 | D:15     | Found a transporter.
 20364 | D:15     | Noticed Yamstis's ghost (adept GnMo)
 20367 | D:15     | Found a transporter.
 20372 | D:15     | Found a bloodstained altar of Trog.
 20575 | D:15     | Found a staircase to the Depths.
 20729 | Orc:1    | Entered Level 1 of the Orcish Mines
 21158 | Orc:2    | Entered Level 2 of the Orcish Mines
 21158 | Orc:2    | Found a staircase to the Elven Halls.
 21197 | Orc:2    | Found a roughly hewn altar of Beogh.
 21198 | Orc:2    | Found Wynyagg's Antique Weapon Shop.
 21326 | Orc:2    | Received a gift from Trog
 21328 | Orc:2    | Paralysed by an orc sorcerer for 4 turns
 21485 | Orc:2    | Found a roughly hewn altar of Beogh.
 21624 | Orc:2    | Reached ****** piety under Trog
 21727 | Orc:2    | Found a roughly hewn altar of Beogh.
 21728 | Orc:2    | Found Nolluhucw's Magic Scroll Shoppe.
 21736 | Orc:2    | Bought a scroll of teleportation for 33 gold pieces
 21736 | Orc:2    | Bought a scroll of poison for 44 gold pieces
 21736 | Orc:2    | Bought a scroll of fear for 44 gold pieces
 21736 | Orc:2    | Bought a scroll of teleportation for 33 gold pieces
 21736 | Orc:2    | Bought a scroll of fear for 44 gold pieces
 21813 | Orc:2    | Found a roughly hewn altar of Beogh.
 21992 | Orc:2    | Identified the +5 battleaxe of Tension {antimagic, rElec
                  | Dex+3} (Trog gifted it to you on level 2 of the Orcish
                  | Mines)
 21992 | Orc:2    | Received a gift from Trog
 22112 | Orc:2    | Found a roughly hewn altar of Beogh.
 22112 | Orc:2    | Found Hadoocoo's Antique Weapon Shoppe.
 22113 | Orc:2    | Found Xape Hism's Antique Armour Emporium.
 22570 | Snake:1  | Entered Level 1 of the Snake Pit
 22570 | Snake:1  | You fall into a shaft and drop 1 floor!
 22577 | Snake:2  | Noticed Vashnia
 22617 | Snake:2  | Killed Vashnia
 23222 | Snake:2  | Found Nelocseh's Armour Boutique.
 23230 | Snake:2  | Bought a +1 pair of gloves of stealth for 297 gold pieces
 23656 | Snake:1  | Identified the +6 scale mail of Mogeiled {rC- rCorr Int+4}
 23730 | Snake:1  | Identified the +2 spear of the Solstice {chaos, rN+ Str+3
                  | Int+3}
 25467 | Snake:3  | Reached XP level 17. HP: 149/162 MP: 17/17
 25621 | Snake:3  | Received a gift from Trog
 26010 | Snake:3  | Reached skill level 10 in Dodging
 26213 | Snake:3  | Found a sacrificial altar of Ru.
 26694 | Snake:4  | Entered Level 4 of the Snake Pit
 26916 | Snake:4  | Found Zav Ryst's Magic Scroll Shoppe.
 27168 | Snake:4  | Received a gift from Trog
 27174 | Snake:4  | Found Quosante's Magic Scroll Shoppe.
 27211 | Snake:4  | Bought a scroll of fear for 80 gold pieces
 27211 | Snake:4  | Bought 3 scrolls of silence for 570 gold pieces
 28191 | Snake:4  | Received a gift from Trog
 28296 | Snake:4  | Reached XP level 18. HP: 170/170 MP: 18/18
 28614 | Snake:4  | Got a serpentine rune of Zot
 29014 | Shoals:1 | Entered Level 1 of the Shoals
 29420 | Shoals:1 | Reached XP level 19. HP: 177/177 MP: 19/19
 29662 | Shoals:1 | Found a transporter.
 29687 | Shoals:1 | Found a transporter.
 29738 | Shoals:1 | Reached skill level 15 in Dodging
 29741 | Shoals:1 | Received a gift from Trog
 29760 | Shoals:1 | Identified the ring of Lady Luck {rF+ Int+6}
 30461 | Shoals:2 | Found a runed translucent gate.
 30462 | Shoals:2 | Found a runed translucent gate.
 30463 | Shoals:2 | Found a runed translucent gate.
 30475 | Shoals:2 | Noticed Vitatacw's ghost (journeyman DEFE)
 30505 | Shoals:2 | Identified the +7 sling "Ogrebane" {elec, *Slow rCorr Str-4
                  | Int+5}
 30800 | Shoals:2 | Received a gift from Trog
 31337 | Shoals:2 | Killed Vitatacw's ghost
 31346 | Shoals:2 | Identified the +9 scimitar of Udosid {freeze, rF+ Str-2
                  | Int+2 Stlth+}
 32288 | Shoals:3 | Identified the +2 kite shield "Peucvi" {rF+ Int+7 Dex-4
                  | SInv}
 32467 | Shoals:4 | Entered Level 4 of the Shoals
 32502 | Shoals:4 | Identified the +5 ring mail of Raojapt {-Tele rElec SInv
                  | Stlth+}
 32755 | Shoals:4 | Noticed Ilsuiw
 32770 | Shoals:4 | Killed Ilsuiw
 32771 | Shoals:4 | Reached XP level 20. HP: 165/184 MP: 20/20
 32822 | Shoals:4 | Received a gift from Trog
 33058 | Shoals:4 | Got a barnacled rune of Zot
 33415 | Shoals:4 | Identified the amulet "Qumnan" {Reflect SH+5 Stlth+}
 33737 | Shoals:4 | Reached skill level 27 in Axes
 34226 | D:15     | Killed Yamstis's ghost
 34412 | Elf:1    | Entered Level 1 of the Elven Halls
 34772 | Elf:1    | Received a gift from Trog
 35594 | Elf:1    | Identified the +6 war axe of Analysis {heavy, Int+2}
 35693 | Elf:2    | Paralysed by an air elemental for 1 turns
 35788 | Elf:2    | Received a gift from Trog
 35788 | Elf:2    | Found the +8 frozen axe "Frostbite" {freeze, freezing
                  | cloud, *Noise Fly rC+}
 35928 | Elf:2    | Found a runed translucent gate.
 35928 | Elf:2    | Found a runed translucent gate.
 35928 | Elf:2    | Found a runed translucent gate.
 35930 | Elf:2    | Noticed Giugae's ghost (adept FoCK)
 35944 | Elf:2    | Killed Giugae's ghost
 36324 | Abyss:3  | Cast into level 3 of the Abyss (a deep elf sorcerer)
 36487 | Abyss:3  | Noticed a bone dragon
 36492 | Abyss:3  | Reached XP level 21. HP: 204/204 MP: 21/21
 36509 | Abyss:3  | Killed a bone dragon
 36545 | Elf:2    | Escaped the Abyss
 36736 | Elf:2    | Found a runed translucent gate.
 36737 | Elf:2    | Found a runed translucent gate.
 36737 | Elf:2    | Found a runed translucent gate.
 36794 | Elf:2    | Received a gift from Trog
 37387 | Elf:3    | Entered Level 3 of the Elven Halls
 37573 | Elf:3    | Found Zuilut's Armour Shop.
 37583 | Elf:3    | Received a gift from Trog
 38834 | Elf:3    | Identified the ring of Nopluj {rC++ Will- rCorr SInv}
 39252 | Elf:3    | Identified the +1 robe of Bixzua {Dex+4}
 39254 | Elf:3    | Identified the staff of cold "Limo" {rF+ rC+}
 39272 | Elf:3    | Received a gift from Trog
 39415 | Elf:3    | Identified the staff of air "Ykeho" {rElec rN++ rCorr
                  | Int-5}
 39446 | Elf:3    | Identified the +1 great mace "Reets" {venom, rC+ Str+3}
 39496 | Elf:3    | Identified the staff of conjuration "Marigitt" {Int+6}
 39583 | Elf:3    | Acquired an amulet of regeneration
 39597 | Elf:3    | Acquired a manual of Dodging
 39784 | Vaults:1 | Entered Level 1 of the Vaults
 40228 | Vaults:1 | Reached XP level 22. HP: 224/224 MP: 22/22
 40674 | Vaults:1 | Received a gift from Trog
 41424 | Vaults:2 | Found Daulob's Armour Shoppe.
 41545 | Vaults:2 | Found a staircase to the Crypt.
 41694 | Vaults:2 | Received a gift from Trog
 42360 | Vaults:3 | Noticed Asterion
 42368 | Vaults:3 | Killed Asterion
 42544 | Vaults:3 | Noticed Mara
 42547 | Vaults:3 | Received a gift from Trog
 42555 | Vaults:3 | Noticed LordWeiramon's illusion
 42564 | Vaults:3 | Killed Mara
 42941 | Vaults:3 | Reached XP level 23. HP: 237/237 MP: 23/23
 43017 | Vaults:3 | Noticed Aizul
 43043 | Vaults:3 | Killed Aizul
 43332 | Vaults:4 | Received a gift from Trog
 43417 | Vaults:4 | Reached skill level 27 in Fighting
 44090 | Vaults:4 | Found Adeewiut's Distillery.
 44096 | Vaults:4 | Bought a potion of heal wounds for 70 gold pieces
 44096 | Vaults:4 | Bought a potion of might for 56 gold pieces
 44096 | Vaults:4 | Bought a potion of resistance for 140 gold pieces
 44096 | Vaults:4 | Bought a potion of mutation for 112 gold pieces
 44096 | Vaults:4 | Bought a potion of mutation for 112 gold pieces
 44096 | Vaults:4 | Bought a potion of cancellation for 112 gold pieces
 44513 | Depths:1 | Entered Level 1 of the Depths
 44595 | Depths:1 | Found a magical portal.
 44621 | WizLab   | Entered Lehudib's Moon Base
 44686 | WizLab   | Gained mutation: You sometimes lose your temper in combat.
                  | [a neqoxec]
 44720 | WizLab   | Received a gift from Trog
 44720 | WizLab   | Found the +10 zealot's sword {holy, Zealotry, *Rage rN+
                  | EV+3}
 44895 | WizLab   | Paralysed by accursed screaming for 1 turns
 45054 | WizLab   | Identified the amulet "Fuzeupivasch" {Spirit Regen+ Dex+2}
 45143 | WizLab   | Gained mutation: You do not regenerate when monsters are
                  | visible. [a neqoxec]
 45197 | WizLab   | Found a transporter.
 45348 | WizLab   | Found a transporter.
 45488 | WizLab   | Received a gift from Trog
 45558 | WizLab   | Lost mutation: You sometimes lose your temper in combat.
                  | [potion of mutation]
 45558 | WizLab   | Lost mutation: You do not regenerate when monsters are
                  | visible. [potion of mutation]
 45558 | WizLab   | Gained mutation: You are somewhat resistant to further
                  | mutation. [potion of mutation]
 45670 | Depths:1 | Noticed a caustic shrike
 45672 | Depths:1 | Noticed a golden dragon
 45720 | Depths:1 | Killed a caustic shrike
 45848 | Depths:1 | Reached XP level 24. HP: 249/249 MP: 23/23
 45921 | Depths:1 | Found Cuplutsu's Book Shoppe.
 45921 | Depths:1 | Found Leadgheg's Jewellery Shop.
 45922 | Depths:1 | Found Yvuwir's Book Shoppe.
 45990 | Depths:1 | You are sucked into a shaft and drop 1 floor!
 46318 | Depths:1 | Found Apiokhilu's Firing Range.
 46759 | Depths:1 | Found a gateway to Hell.
 46772 | Depths:1 | Identified the +7 chain mail "Dimimn" {+Inv Str+5}
 46821 | Depths:2 | Received a gift from Trog
 47140 | Depths:2 | Noticed a dread lich
 47146 | Depths:2 | Killed a dread lich
 47181 | Depths:2 | Paralysed by a floating eye for 2 turns
 47503 | Depths:2 | Found a one-way gate leading to the halls of Pandemonium.
 48002 | Depths:3 | Received a gift from Trog
 48301 | Depths:3 | Found a transporter.
 48303 | Depths:3 | Found Acau's Armour Boutique.
 48352 | Depths:3 | Found a transporter.
 48370 | Depths:3 | Noticed a juggernaut
 48379 | Depths:3 | Killed a juggernaut
 48381 | Depths:3 | Noticed a caustic shrike
 48391 | Depths:3 | Killed a caustic shrike
 48406 | Depths:3 | Identified the +5 morningstar "Ashi Kehi" {heavy, rElec
                  | rPois Dex-3 Stlth-}
 48589 | Depths:3 | Found a one-way gate to the infinite horrors of the Abyss.
 48612 | Depths:3 | Found a sparkling altar of Nemelex Xobeh.
 48748 | Depths:3 | Noticed a juggernaut
 48761 | Depths:3 | Killed a juggernaut
 48778 | Depths:3 | Reached XP level 25. HP: 206/257 MP: 20/23
 49091 | Depths:4 | Entered Level 4 of the Depths
 49107 | Depths:4 | Received a gift from Trog
 49212 | Depths:4 | Noticed a juggernaut
 49213 | Depths:4 | Identified the +1 leather armour of Huomn {rC+ rN+ Str+4}
 49219 | Depths:4 | Killed a juggernaut
 49255 | Depths:4 | Found a one-way gateway to a ziggurat.
 49452 | Depths:4 | Received a gift from Trog
 49467 | Depths:4 | Noticed Saint Roka
 49488 | Depths:4 | Killed Saint Roka
 49567 | Depths:4 | Found a gate to the Realm of Zot.
 49698 | Depths:4 | Identified the ring "Meteol" {Will+ Str-3 Int+5 SInv}
 49978 | Depths:4 | Found a corrupted altar of Lugonu.
 50543 | D:4      | Bought a runed crystal plate armour for 1411 gold pieces
 50565 | D:4      | Bought a scroll of acquirement for 728 gold pieces
 50565 | D:4      | Acquired the ring "Goreneon" {rPois rN+ AC+4 Int+3}
 51107 | Vaults:5 | Entered Level 5 of the Vaults
 51437 | Vaults:5 | Received a gift from Trog
 51458 | Vaults:5 | Noticed an ancient lich
 51470 | Vaults:5 | Killed an ancient lich
 51471 | Vaults:5 | Reached skill level 27 in Armour
 51493 | Vaults:5 | Noticed an ancient lich
 51493 | Vaults:5 | Noticed an ancient lich
 51504 | Vaults:5 | Killed an ancient lich
 51505 | Vaults:5 | Identified the +2 great sword "Mimawk" {flame, rElec}
 51513 | Vaults:5 | Killed an ancient lich
 51514 | Vaults:5 | Reached XP level 26. HP: 227/266 MP: 20/23
 51540 | Vaults:5 | Received a gift from Trog
 51587 | Vaults:5 | Identified the +2 leather armour of Aci Tyhe {rF+ Str+2}
 51657 | Abyss:3  | Cast into level 3 of the Abyss (a deep elf demonologist)
 51676 | Abyss:3  | Found a corrupted altar of Lugonu.
 51737 | Vaults:5 | Escaped the Abyss
 51814 | Vaults:5 | Identified the ring "Xuneaj" {rF++ AC+4}
 51833 | Vaults:5 | Identified the amulet of Favvoteet {-Cast rElec rC++ Regen+
                  | Str+3}
 51960 | Vaults:5 | Found the +10 dark maul {heavy}
 52035 | Vaults:5 | Got a silver rune of Zot
 52236 | Vaults:5 | Identified the +7 scimitar of Eciod {speed, Fly rC+ Int+2}
 52355 | Vaults:5 | Received a gift from Trog
 52393 | Vaults:5 | Identified the +7 broad axe "Urocyith" {chaos, *Corrode
                  | rElec rPois Str+6}
 53249 | Zot:1    | Entered Level 1 of the Realm of Zot
 54191 | Abyss:3  | Cast into level 3 of the Abyss (black draconian knight)
 54233 | Abyss:3  | Found a corrupted altar of Lugonu.
 54243 | Abyss:3  | Found a corrupted altar of Lugonu.
 54243 | Abyss:3  | Found a corrupted altar of Lugonu.
 54262 | Abyss:3  | Found a corrupted altar of Lugonu.
 54280 | Abyss:3  | Found a corrupted altar of Lugonu.
 54285 | Abyss:3  | Found a corrupted altar of Lugonu.
 54285 | Abyss:3  | Found a corrupted altar of Lugonu.
 54311 | Abyss:3  | Received a gift from Trog
 54359 | Abyss:3  | Found a corrupted altar of Lugonu.
 54482 | Abyss:3  | Gained mutation: You are weak. (Str -2) [a neqoxec]
 54546 | Abyss:3  | Got an abyssal rune of Zot
 54576 | Abyss:3  | Found a corrupted altar of Lugonu.
 54590 | Abyss:3  | Identified the +4 tower shield of Sewkuvei {rElec rF- rCorr
                  | Dex+3}
 54620 | Zot:2    | Escaped the Abyss
 54995 | Zot:2    | Reached XP level 27. HP: 244/273 MP: 23/23
 55723 | Zot:3    | Received a gift from Trog
 56070 | Zot:3    | Noticed an orb of fire
 56086 | Zot:3    | Killed an orb of fire
 56676 | Zot:3    | Received a gift from Trog
 57080 | Zot:4    | Identified the +1 scale mail of Sorcery {Regen+}
 57083 | Zot:4    | Found a runed translucent door.
 57088 | Zot:4    | Noticed Uneer's ghost (legendary GnFE)
 57714 | Zot:4    | Killed Uneer's ghost
 57769 | Zot:5    | Entered Level 5 of the Realm of Zot
 58201 | Zot:5    | Noticed an ancient lich
 58201 | Zot:5    | Noticed an ancient lich
 58201 | Zot:5    | Noticed an ancient lich
 58202 | Zot:5    | Noticed an orb of fire
 58210 | Zot:5    | Killed an ancient lich
 58214 | Zot:5    | Killed an ancient lich
 58214 | Zot:5    | Identified the +9 battleaxe "Yqood" {heavy, Drain Dex+5}
                  | (Trog gifted it to you on level 5 of the Realm of Zot)
 58214 | Zot:5    | Received a gift from Trog
 58221 | Zot:5    | Killed an ancient lich
 58223 | Zot:5    | Killed an orb of fire
 58550 | Zot:5    | Noticed an orb of fire
 58552 | Zot:5    | Noticed a dread lich
 58555 | Zot:5    | Gained mutation: Your body sometimes deteriorates upon
                  | taking damage. [an orb of fire]
 58559 | Zot:5    | Killed an orb of fire
 58569 | Zot:5    | Killed a dread lich
 58571 | Zot:5    | Noticed an ancient lich
 58577 | Zot:5    | Killed an ancient lich
 59039 | Zot:5    | Got the Orb of Zot
 59050 | Zot:5    | Noticed Sos Wuykk the pandemonium lord
 59065 | Zot:5    | Killed Sos Wuykk the pandemonium lord
 59331 | D:15     | Noticed Acer the pandemonium lord
 59582 | D:$      | Escaped with the Orb!

Illustrated notes

Levels and vault maps discovered:
D:1:      roderic_crop_circles_arrival_large, layout_basic,
          basic_ecumenical_altar, serial_forest, infiniplex_forest_corner_2,
          infiniplex_forest_clump_double, infiniplex_forest_straight_5,
          infiniplex_forest_fountain, infiniplex_forest_lined_3,
          infiniplex_forest_lined_2, infiniplex_forest_clump_diagonal,
          infiniplex_forest_side_room
D:2:      layout_basic, serial_shops, shop, uniq_jessica
D:3:      layout_basic, mainiacjoe_overflow_catwalk_spiral,
          kennysheep_generic_room_8
D:4:      layout_loops_ring, chequers_temple_overflow_statue_of_worship,
          serial_shops, shop, shop, shop, shop, portal_sewer_entry_e
D:5:      layout_rooms, mainiacjoe_overflow_alcove_4, minmay_temple_entry_grid
D:6:      layout_loops_ring, kennysheep_mini, kennysheep_small_spiral,
          uniq_maggie, uniq_grinder
D:7:      layout_loops_ring, minmay_shop_grid_forest, st_stairs_4
D:8:      layout_gridville, grunt_gozag_statues
D:9:      layout_basic, nicolae_ru_awakened_eye, zombieorc2_lemuel,
          minmay_misc_feat_diagonals, minmay_misc_feat_nine_boxes, uniq_pikel,
          uniq_prince_ribbit1
D:10:     layout_loops_corners, nicolae_elyvilon_peaceful_grove,
          mainiacjoe_overflow_24_doors, amcnicky_altar_gilded, serial_shops,
          nicolae_stop_n_shop_2, nicolae_square_shop, shop, kennysheep_donut,
          hellmonk_guarded_unrand_sphere_of_battle, uniq_erolcha
D:11:     layout_cave_pools, minmay_lair_entry_grove,
          nicolae_trove_entry_free_sample, kennysheep_generic_room_14
D:12:     layout_roguey, uniq_azrael, uniq_urug, uniq_nergalle
D:13:     minmay_spotlight, layout_basic, david_vaults_1,
          minmay_shattered_shrine, uniq_kirke
D:14:     layout_irregular_city, serial_shops, bzr_entry_lakeside,
          kennysheep_minor_cross
D:15:     grunt_enter_depths_hoard, layout_small_grid, special_room
          [special_room_bee], serial_glass, glass_columns_a, glass_columns_c,
          gammafunk_ghost_wrathful_warriors
Lair:1:   layout_roguey, serial_bayou_ford_a, lemuel_fruit_tree, uniq_amaemon
Lair:2:   layout_regular_city, nicolae_snake_entry_squirm, basic_altar,
          pdpol_lair_cavern_descent
Lair:3:   layout_big_grid, minmay_shoals_entry_centaurs, roderic_carrion_pond,
          uniq_snorg, uniq_nessos
Lair:4:   layout_cave_pods, nicolae_slime_entry_field_trip,
          ebering_ghost_reflecting_pool, serial_bayou_shore_a
Lair:5:   hangedman_lair_caniforms_friends, layout_loops_ring,
          guppyfry_lair_end_dragon, basic_altar
Shoals:1: gammafunk_sealed_arena, layout_shoals
Shoals:2: layout_shoals, ebering_ghost_rock_garden
Shoals:3: layout_shoals
Shoals:4: shoals_end_hangedman, layout_shoals, shoal_ilsuiw
Snake:1:  layout_layer_cave, drop_trap
Snake:2:  layout_chambers, serial_shops, nicolae_stop_n_shop_1,
          nicolae_snake_salamander_jacuzzi, serial_bayou_shore_b, uniq_vashnia
Snake:3:  layout_grid_maze, basic_altar
Snake:4:  grunt_snake_rune_serpentine_throne, layout_onion, serial_shops,
          nicolae_shop_tiny_glass, nicolae_shop_trees,
          nicolae_snake_coiling_death
Orc:1:    layout_caves
Orc:2:    grunt_orc_community_town_hall, layout_diamond_mine,
          grunt_orc_community_big_house_1, grunt_orc_community_big_house_1,
          grunt_orc_community_house_3, grunt_orc_community_house_1,
          grunt_orc_community_house_1, grunt_orc_community_house_2, rock_pile
Elf:1:    eino_elf_arrival_the_gate, layout_geoelf_octagon, evilmike_minifort
Elf:2:    nicolae_elf_blades_crystal_corner, layout_onion_city,
          ebering_ghost_rock_garden, minivault_27, kb_rosetta
Elf:3:    minmay_elf_hall_x, layout_loops_corners, serial_shops, shop,
          amcnicky_mini_pool_small
Vaults:1: v_alt_pattern_3, nicolae_vaults_security_offices_1, v_pattern_2,
          nicolae_vaults_cochlea, nicolae_vaults_network_periphery, v_misc_28,
          vaults_mumra_hex, hangedman_vaults_trim, nicolae_vaults_diamond_1,
          vaults_room_fours, layout_vaults_omnigrid
Vaults:2: nicolae_vaults_tetromino_T_2, v_alt_pattern_5,
          nicolae_vaults_tetromino_Z_1, minmay_crypt_entry_nasty_monster,
          nicolae_vaults_little_guard_posts, v_alt_pattern_6,
          nicolae_vaults_closet_pinwheel_3, vaults_room_semicircle,
          nicolae_vaults_shelves_hall, layout_vaults_big_room, serial_shops,
          shop
Vaults:3: ontoclasm_vaults_spin, nicolae_vaults_wrenched,
          hangedman_vaults_restitches, vaults_room_door_hall, v_misc_8,
          hangedman_vaults_corner, nicolae_vaults_ring_of_whatevers,
          vaults_mumra_minichess, v_misc_25, nicolae_vaults_diamond_2,
          vaults_room_pools, layout_vaults_ring, uniq_aizul, uniq_mara,
          uniq_asterion
Vaults:4: nicolae_vaults_trapezoid_1, v_misc_2, v_rooms_5, v_misc_17, v_misc_16,
          v_pattern_1, nicolae_vaults_tetromino_Z_2,
          nicolae_vaults_more_shelving_1, nicolae_vaults_storage_closets_2,
          nicolae_vaults_diamond_1, nicolae_vaults_variable_pillar_hall,
          layout_vaults_omnibox, serial_shops, nicolae_shop_peninsula
Vaults:5
Depths:1: nicolae_legendary_halls, layout_cave_shapes,
          lightli_enter_wizlab_magi_temple, lightli_too_deep,
          kennysheep_big_empty_room, nicolae_shop_firing_range,
          minmay_shop_grove
Depths:2: hellmonk_paralyzer, layout_cave_shapes, grunt_pan_entry_sceptre,
          hell_entry
Depths:3: minmay_slanted_spiral_squares, layout_basic, serial_shops,
          nicolae_shop_drivethru, hellmouth_1, grunt_pan_entry_in_and_out,
          abyss_entry_small_statue_room, nemelex_diamond_rough_becter
Depths:4: evilmike_zot_entry_basic, layout_long_grid, ziggurat_fallback,
          serial_bayou_pond_a, abyss_entry_flame_altar, hell_entry, pan_entry,
          drop_trap, solitary_fountain, lightli_minifort, serial_bayou_shore_b,
          uniq_saint_roka
Zot:1:    layout_gridville, skrybe_zot_glass_1
Zot:2:    layout_concentric_octagons, grunt_ministairs_1,
          hangedman_hellfire_club
Zot:3:    infiniplex_zot_generator, layout_concentric_octagons
Zot:4:    layout_misc_corridors, hellmonk_ghost_big_iron
Zot:5:    layout_gridlike

Skill      XL: |  1  2  3  4  5  6  7  8  9 10 11 12 13 14 15 16 17 18 19 20 21 22 23 24 25 26 27 |
---------------+----------------------------------------------------------------------------------+-----
Fighting       | 4 5 7 10 14 15 17 21 24 26 27 | 27.0
Axes           | 2 6 9 12 15 16 20 21 24 26 27 | 27.0
Armour         | 5 9 11 12 15 17 20 24 27 | 27.0
Dodging        | 5 8 12 14 15 16 18 19 22 25 | 25.8
Short Blades   | |  3.0

Action                     |  1- 3 |  4- 6 |  7- 9 | 10-12 | 13-15 | 16-18 | 19-21 | 22-24 | 25-27 || total
---------------------------+-------+-------+-------+-------+-------+-------+-------+-------+-------++-------
  Melee: Short sword       |   140 |    19 |       |       |       |       |       |       |       ||   159
         Punch             |     1 |     1 |     1 |    11 |     2 |       |       |       |       ||    16
         Dagger            |       |   114 |       |       |       |       |       |       |       ||   114
         Lance             |       |    79 |   174 |       |       |       |       |       |       ||   253
         Broad axe         |       |       |    33 |   514 |   133 |       |       |       |       ||   680
         Battleaxe         |       |       |       |       |   688 |    16 |       |       |       ||   704
         Executioner's axe |       |       |       |       |    49 |   675 |   910 |  1167 |  1461 ||  4262
  Throw: Stone             |       |     1 |       |       |       |       |       |       |       ||     1
         Dart              |       |     1 |     2 |     3 |       |       |       |       |       ||     6
         Throwing net      |       |       |       |       |       |       |       |     1 |       ||     1
 Invoke: Berserk           |       |     3 |       |     1 |     6 |       |     1 |       |       ||    11
         Brothers in Arms  |       |       |     1 |       |       |     2 |     2 |       |     4 ||     9
         Trog's Hand       |       |       |       |     1 |     6 |     4 |     6 |     5 |    10 ||    32
  Evoke: Wand              |       |       |     1 |       |     3 |     3 |       |       |     3 ||    10
    Use: Scroll            |     2 |     2 |       |     2 |    16 |    12 |     5 |     5 |    16 ||    60
         Potion            |       |       |     2 |     2 |     3 |     2 |     2 |     1 |    10 ||    22
   Stab: Sleeping          |       |       |     5 |       |       |       |       |       |       ||     5
         Paralysed         |       |       |       |       |     5 |       |       |       |     2 ||     7
         Distracted        |       |       |       |       |     1 |       |     2 |     1 |       ||     4
         Invisible         |       |       |       |       |       |     1 |       |       |     5 ||     6
 Armour: Animal skin       |     8 |       |       |       |       |       |       |       |       ||     8
         Leather armour    |     5 |    30 |       |       |       |       |       |       |       ||    35
         Chain mail        |       |     3 |    20 |       |       |       |       |       |       ||    23
         Skin              |       |       |    12 |       |       |       |       |       |       ||    12
         Steam dragon scal |       |       |    23 |     8 |       |       |       |       |       ||    31
         Plate armour      |       |       |       |    90 |       |       |       |       |       ||    90
         Crystal plate arm |       |       |       |   159 |   418 |   428 |   534 |   500 |   898 ||  2937
  Dodge: Dodged            |    84 |   123 |   120 |   413 |   714 |   616 |   972 |   980 |  1052 ||  5074
